 Dungeon Crawl Stone Soup version 0.19-a0-1097-g38e3b35 (webtiles) character file.

133 hairmachine the Chopper (level 4, 0/39 HPs)
             Began as a Minotaur Abyssal Knight on Aug 8, 2016.
             Was a Follower of Lugonu.
             Slain by FrancescoMac's ghost (10 damage)
             ... on level 3 of the Dungeon.
             The game lasted 00:05:13 (2262 turns).

hairmachine the Chopper (Minotaur Abyssal Knight)   Turns: 2262, Time: 00:05:14

Health: 0/39       AC:  8    Str: 16    XL:     4   Next: 94%
Magic:  4/4        EV:  2    Int:  9    God:    Lugonu [*.....]
Gold:   81         SH:  0    Dex: 11    Spells: 0 memorised, 3 levels left

rFire  . . .     SeeInvis .     a - +1 hand axe
rCold  . . .     Gourm    .     k - +0 chain mail
rNeg   . . .     Faith    .     (no shield)
rPois  .         Spirit   .     (helmet restricted)
rElec  .         Dismiss  .     (no cloak)
rCorr  .         Reflect  .     (no gloves)
SustAt .         Harm     .     (no boots)
MR     .....                    (no amulet)
Stlth  ..........               (no ring)
                                (no ring)

@:
A: retaliatory headbutt, horns 2
a: Depart the Abyss, Renounce Religion


You were on level 3 of the Dungeon.
You worshipped Lugonu.
Lugonu was aware of your devotion.
You were near starving.

You visited 1 branch of the dungeon, and saw 3 of its levels.
You visited the Abyss 1 time.

You collected 81 gold pieces.

Inventory:

Hand Weapons
 a - a +1 hand axe (weapon)
Armour
 k - a +0 chain mail (worn)
Jewellery
 g - a +5 ring of intelligence {unknown}
Scrolls
 b - a scroll of recharging {unknown}
 e - a scroll of immolation {unknown}
 f - 3 scrolls of identify {unknown}
 i - a scroll of magic mapping {unknown}
 m - 2 scrolls of remove curse {unknown}
 n - a scroll of noise {unknown}
 p - a scroll of enchant weapon {unknown}
 r - a scroll of random uselessness {unknown}
Potions
 h - a potion of resistance
Comestibles
 c - a bread ration
 d - a meat ration
 l - a slice of pizza


   Skills:
 - Level 3.6 Fighting
 + Level 6.2 Axes
 - Level 2.4 Armour
 - Level 1.1 Dodging
 - Level 1.7 Invocations


You had 3 spell levels left.
You didn't know any spells.

Dungeon Overview and Level Annotations

Branches:
Dungeon (3/15)

Altars:
Cheibriados
Elyvilon
Fedhas
Yredelemnul
The Shining One

Annotations:
D:3 FrancescoMac's ghost, amateur DsGl


Innate Abilities, Weirdness & Mutations

You reflexively headbutt those who attack you in melee.
You have a pair of horns on your head.


Message History

FrancescoMac's ghost closely misses you.
You can no longer bend space around yourself.
You hit FrancescoMac's ghost but do no damage.
FrancescoMac's ghost is lightly damaged.
FrancescoMac's ghost barely misses you.
You closely miss FrancescoMac's ghost.
FrancescoMac's ghost is lightly damaged.
FrancescoMac's ghost hits you.
Your chain mail prevents you from hitting FrancescoMac's ghost.
FrancescoMac's ghost is lightly damaged.
FrancescoMac's ghost hits you but does no damage.
Your chain mail prevents you from hitting FrancescoMac's ghost.
FrancescoMac's ghost is lightly damaged.
FrancescoMac's ghost hits you but does no damage.
You slash FrancescoMac's ghost! You headbutt FrancescoMac's ghost.
FrancescoMac's ghost is moderately damaged.
FrancescoMac's ghost hits you!
* * * LOW HITPOINT WARNING * * *
FrancescoMac's ghost hits you!
You die...

##################
#.................
#................#
#................#
#................#
#.................
#.................
#@W...............
#######...........
#######.....
#.........
#####.....
.........
..........
..........
..........


You could see FrancescoMac's ghost.

Vanquished Creatures
  An iguana (D:3)
  5 adders
  2 oozes (D:2)
  A worm (D:2)
  A dart slug (D:1)
  A giant gecko (D:1)
  7 bats
  2 giant cockroaches (D:2)
  5 goblins
  5 hobgoblins
  A jackal (D:2)
  3 giant newts
  8 kobolds
  8 rats
50 creatures vanquished.

Notes
Turn   | Place    | Note
-------+----------+-------------------------------------------
     0 | Abyss:1  | hairmachine the Minotaur Abyssal Knight began the quest for the Orb.
     0 | Abyss:1  | Reached XP level 1. HP: 19/19 MP: 1/1
    91 | Abyss:1  | Noticed an efreet
    91 | D:1      | Escaped the Abyss
   367 | D:1      | Reached skill level 3 in Axes
   474 | D:1      | Reached XP level 2. HP: 26/26 MP: 2/2
   630 | D:1      | Reached skill level 4 in Axes
   673 | D:1      | Reached * piety under Lugonu
   859 | D:2      | Reached XP level 3. HP: 28/31 MP: 3/3
   959 | D:2      | Found a snail-covered altar of Cheibriados.
  1000 | D:2      | Found a white marble altar of Elyvilon.
  1062 | D:2      | Found a blossoming altar of Fedhas.
  1133 | D:2      | Reached skill level 5 in Axes
  1137 | D:2      | Reached XP level 4. HP: 11/39 MP: 4/4
  1610 | D:2      | Found a basalt altar of Yredelemnul.
  1615 | D:2      | Found a glowing golden altar of the Shining One.
  1617 | D:2      | Noticed an angel
  1928 | D:3      | HP: 2/58 [iguana (8)]
  1929 | D:3      | Reached ** piety under Lugonu
  1929 | D:3      | Reached skill level 6 in Axes
  2225 | D:3      | Noticed FrancescoMac's ghost (amateur DsGl)
  2262 | D:3      | Slain by FrancescoMac's ghost

Vault maps used:
D:1:      dpeg_arrival_water_fire
D:2:      grunt_temple_overflow_holy_war, lemuel_doored_altar,
          overflow_temple_1_default, elyvilon_altar_5
D:3:      eat_drink_and_be_merry_uskayaw

Skill      XL: |  1  2  3  4 |
---------------+-------------+-----
Axes           | 3 4 5 6 |  6.2
Fighting       | |  3.6
Armour         | |  2.4
Dodging        | |  1.1
Invocations    | |  1.7

Action                   |  1- 3 |  4- 6 || total
-------------------------+-------+-------++-------
Melee: Hand axe          |    87 |    55 ||   142
       Headbutt          |    14 |    13 ||    27
Invok: Depart the Abyss  |     1 |       ||     1
  Use: Potion            |       |     6 ||     6
  Eat: Chunk             |     1 |     2 ||     3
Armor: Chain mail        |    53 |    37 ||    90
       Leather armour    |     1 |       ||     1
Dodge: Dodged            |    25 |    20 ||    45
